 Dungeon Crawl Stone Soup version 0.31.0-12-g77e489cdc1 (webtiles) character file.

Game seed: 16093247060179089621

35 ces the Sneak (level 3, -2/19 HPs)
             Began as a Spriggan Delver on Feb 22, 2024.
             Slain by an iguana (14 damage)
             ... on level 4 of the Dungeon.
             The game lasted 00:00:25 (184 turns).

ces the Sneak (Spriggan Delver)                      Turns: 184, Time: 00:00:26

Health: -2/19      AC:  2    Str:  8    XL:     3   Next: 16%
Magic:  4/4        EV: 18    Int: 11    God:
Gold:   34         SH:  0    Dex: 18    Spells: 2/2 levels left

rFire   . . .        a - +0 short sword
rCold   . . .        (no shield)
rNeg    . . .        b - +0 robe
rPois   .            (helmet restricted)
rElec   .            (no cloak)
rCorr   .            (gloves unavailable)
SInv    +            (boots unavailable)
Will    .....        (no amulet)
Stlth   ++++         (no ring)
HPRegen 0.23/turn    (no ring)
MPRegen 0.09/turn

%: no passive effects
@: very quick
A: very small, no large weapons, unfitting armour, see invisible, speed 3
a: no special abilities


You were on level 4 of the Dungeon.
You visited 1 branch of the dungeon, and saw 2 of its levels.

You collected 34 gold pieces.

Inventory:

Hand Weapons
 a - a +0 short sword (weapon)
Armour
 b - a +0 robe (worn)
Jewellery
 h - an amulet of magic regeneration
Wands
 g - a wand of digging (3)
Scrolls
 c - a scroll of fog
 d - a scroll of revelation
 e - a scroll of fear
Potions
 f - a potion of haste
 i - a potion of curing {unknown}


   Skills:
 + Level 2.8 Fighting
 - Level 2.1 Short Blades
 + Level 3.5 Dodging
 + Level 7.8 Stealth


You had 2 spell levels left.
You didn't know any spells.
Your spell library was empty.

Dungeon Overview and Level Annotations

Branches:
Dungeon (5/15)
 Temple: D:4-7

Altars:


Innate Abilities, Weirdness & Mutations

You are very small and have problems with some larger weapons.
You are too small for most types of armour.
You have supernaturally acute eyesight. (SInv)
You cover ground extremely quickly. (Speed+++)


Message History

There is a stone staircase leading up here.
You climb upwards.
Found a stone staircase leading down.
There is a stone staircase leading down here.
You open the door.
There is an open door here.
An iguana comes into view.
Found 23 gold pieces.
The helpless iguana fails to defend itself.
You impale the iguana!!
You kill the iguana!
You have reached level 3!
Your experience leads to an increase in your attributes!
Increase (S)trength, (I)ntelligence, or (D)exterity?
You feel agile. x2
Found a stone staircase leading up.
You now have 22 gold pieces (gained 11).
You now have 34 gold pieces (gained 12).
You open the door.
There is an open door here.
You open the door. You open the door. You open the door.
Found a robe.
There is an open door here.
Found a ring mail.
An iguana comes into view.
An iguana is nearby!
An iguana is nearby!
Found a scroll labelled SEARIH GILULA.
The iguana hisses angrily.
You closely miss the iguana. The iguana closely misses you.
You hit the iguana but do no damage. The iguana misses you.
You hit the iguana but do no damage. The iguana misses you.
You hit the iguana but do no damage. The iguana closely misses you.
You completely miss the iguana. The iguana barely misses you.
You hit the iguana but do no damage. The iguana bites you!
You hit the iguana but do no damage. The iguana bites you!
Ouch! That really hurt!
You die...

#.#..#.#.# ..#....#.#
##.#....#.#
########..#.#.#
#...........#'#
#.#####........
#.#...'........
#######.#+###........
#..l@.......#........
#...........'........
#...........#........
#...........#........
#...........+........
#...[........#.....<..
#?.........###........
#..........+ +........
....[ #........


You could see an iguana.

Vanquished Creatures
  An iguana (D:4)
  An adder (D:5)
2 creatures vanquished.

Notes
Turn   | Place    | Note
-------+----------+-------------------------------------------
     0 | D:5      | ces the Spriggan Delver began the quest for the Orb.
     0 | D:5      | Reached XP level 1. HP: 11/11 MP: 2/2
    43 | D:5      | Reached XP level 2. HP: 16/16 MP: 3/3
    81 | D:5      | Noticed a killer bee
    81 | D:5      | Noticed a killer bee
   133 | D:4      | Reached XP level 3. HP: 19/19 MP: 4/4
   184 | D:4      | Slain by an iguana

Illustrated notes

Levels and vault maps discovered:
D:4:      minmay_clustersquares, layout_basic, hangedman_decor_points,
          grunt_decor_junction, minmay_splitting_lines,
          nicolae_ea-nasir_strikes_again
D:5:      layout_gridville, xom_butterflies

Skill      XL: |  1 |
---------------+----+-----
Dodging        | 3 |  3.5
Fighting       | |  2.8
Short Blades   | |  2.1
Stealth        | |  7.8

Action                     || total
---------------------------++-------
  Melee: Short sword       ||     9
   Stab: Sleeping          ||     2
 Armour: Robe              ||     2
  Dodge: Dodged            ||     5
